 Dungeon Crawl Stone Soup version 0.29.1-12-g30fa7ad0bf (webtiles) character file.

Game seed: 498776851033517868

8984 soggyman666 the Thaumaturge (level 11, -7/69 HPs)
             Began as a Djinni Fire Elementalist on Dec 14, 2022.
             Was a Priest of Ashenzari.
             Mangled by a polar bear (15 damage)
             ... on level 2 of the Lair of Beasts.
             The game lasted 00:54:19 (13367 turns).

soggyman666 the Thaumaturge (DjFE)                 Turns: 13367, Time: 00:54:19

Health: -7/69      AC:  6    Str:  3    XL:     11   Next: 66%
Gold:   401        EV: 18    Int: 21    God:    Ashenzari [***...] SH:  0 Dex: 20

rFire   + + +      SeeInvis +   x - staff of fire (curse) {Range, Self}
rCold   x . .      Faith    .   (no shield)
rNeg    . . .      Spirit   .   a - +0 robe
rPois   ∞          Reflect  .   y - +0 hat of Ashenzari's Burden {Cun, Fort} (curse)
rElec   .          Harm     .   k - +0 cloak of the Enigmatic Anxiety {rPois Regen+ rCorr Str-4, Cun, Melee} (curse)
rCorr   +          Rampage  .   w - +2 pair of gloves "Loss of the Cursed Seer" {Fort, Cun} (curse)
Will    +....      Clarity  +   (boots unavailable)
Stlth   ++++......              (no amulet)
HPRegen 1.01/turn               b - ring of the Bound Comet {Wiz, Cun, Melee} (curse)
MPRegen 0.00/turn               B - +6 ring of dexterity

@: flying
A: sickness immunity, fire resistance 2, cold vulnerability 1, float, innate
caster, HP casting, extra vitality 1
a: Renounce Religion, Shatter the Chains


You were on level 2 of the Lair of Beasts.
You worshipped Ashenzari.
Ashenzari was most pleased with you.
You visited 3 branches of the dungeon, and saw 13 of its levels.

You collected 486 gold pieces.
You spent 85 gold pieces at shops.

Inventory:

Missiles
 h - a throwing net
Armour
 a - a +0 robe (worn)
 k - the cursed +0 cloak of the Enigmatic Anxiety (worn) {rPois Regen+ rCorr Str-4, Cun, Melee}
   (You found it on level 6 of the Dungeon)

   Str:       It affects your strength (-4).
   rPois:     It protects you from poison.
   Regen:     It increases your rate of health regeneration.
   rCorr:     It protects you from acid and corrosion.
   It has a curse which improves the following skills: Cunning: Dodging and
   Stealth.
   Melee Combat: Short Blades, Long Blades, Axes, Maces & Flails, Polearms,
   Staves and Unarmed Combat.
 v - a +2 cloak
 w - the cursed +2 pair of gloves "Loss of the Cursed Seer" (worn) {Fort, Cun}
   (You found it on level 4 of the Dungeon)

   It has a curse which improves the following skills: Fortitude: Armour and
   Shields.
   Cunning:   Dodging and Stealth.
 y - the cursed +0 hat of Ashenzari's Burden (worn) {Cun, Fort}
   (You bought it in a shop on level 6 of the Dungeon)

   It has a curse which improves the following skills: Cunning: Dodging and
   Stealth.
   Fortitude: Armour and Shields.
Magical Staves
 x - a cursed staff of fire (weapon) {Range, Self}
Jewellery
 b - the cursed ring of the Bound Comet (left hand) {Wiz, Cun, Melee}
   (You found it on level 1 of the Dungeon)

   [ring of wizardry]

   It improves your spell success rate.
   It has a curse which improves the following skills: Cunning: Dodging and
   Stealth.
   Melee Combat: Short Blades, Long Blades, Axes, Maces & Flails, Polearms,
   Staves and Unarmed Combat.
 z - a ring of resist corrosion
 B - a +6 ring of dexterity (right hand)
Wands
 d - a wand of roots (14)
 p - a wand of digging (7)
 r - a wand of flame (30)
 s - a wand of paralysis (13)
Scrolls
 f - 3 scrolls of immolation
 i - 3 scrolls of poison
 n - a scroll of silence
 q - 4 scrolls of identify
Potions
 e - 6 potions of curing
 j - 3 potions of heal wounds
 l - 3 potions of invisibility
 m - 3 potions of resistance
 o - 2 potions of brilliance
 u - a potion of berserk rage
 A - 2 potions of cancellation


   Skills:
 + Level 1.4(2.5) Fighting
 * Level 5.2(9.0) Dodging
 * Level 4.4(8.0) Stealth
 + Level 12.4(13.9) Spellcasting
 + Level 3.2 Evocations


You had 9 spell levels left.
You knew the following spells:

 Your Spells              Type           Power      Damage    Failure   Level
a - Foxfire               Conj/Fire      100%       2x1d9     0%          1
b - Scorch                Fire           100%       2d10      0%          2
c - Conjure Flame         Conj/Fire      83%        6-21      1%          3
d - Inner Flame           Hex/Fire       83%        N/A       1%          3
e - Flame Wave            Conj/Fire      83%        2d18      1%          4
f - Beastly Appendage     Tmut           100%       N/A       0%          1
g - Wereblood             Tmut           65%        N/A       0%          2
h - Frozen Ramparts       Ice            100%       1d16      1%          3
i - Cause Fear            Hex            32%        N/A       1%          4
j - Silence               Hex/Air        32%        N/A       1%          5
Your spell library was empty.

Dungeon Overview and Level Annotations

Branches:
Dungeon (10/15)            Temple (1/1) D:4            Lair (2/5) D:9
  Swamp: Lair:2-3    Shoals: Lair:2-3     Snake: Lair:2-3    Spider: Lair:2-3
    Orc: D:9-12

Altars:
Ashenzari
Cheibriados
Dithmenos
Elyvilon
Fedhas
Gozag
Hepliaklqana
Makhleb
Nemelex Xobeh
Okawaru
Qazlal
Trog
Uskayaw
Wu Jian
Xom
Yredelemnul
Zin
The Shining One

Shops:
D:6 [   D:7 *

Annotations:
D:10 Gastronok


Innate Abilities, Weirdness & Mutations

You are immune to sickness and miasma.
You are immune to poison.
Your flesh is very heat resistant. (rF++)
You are vulnerable to cold. (rC-)
You float through the air rather than walking.
You learn spells naturally, not from books.
Your magical power is your life essence.
You have superior vitality. (+4 MHP)


Message History

The polar bear is moderately wounded.
Casting: Foxfire (safe; 0% risk of failure)
Confirm with . or Enter, or press ? or * to list all spells.
You feel a surge of power!
Flames lash the polar bear.
The polar bear is heavily wounded.
The polar bear's fire resistance burns away.
The foxfire hits the polar bear.
The polar bear is heavily wounded.
The foxfire hits the polar bear!
The polar bear is burned terribly!
The polar bear is severely wounded.
Casting: Scorch (safe; 0% risk of failure)
Confirm with . or Enter, or press ? or * to list all spells.
You feel a surge of power!
Flames lash the polar bear.
The polar bear is burned terribly!
The polar bear is almost dead.
The polar bear goes berserk!
Casting: Scorch (safe; 0% risk of failure)
Confirm with . or Enter, or press ? or * to list all spells.
You feel a surge of power!
Flames lash the cane toad.
The cane toad is lightly wounded.
The cane toad's fire resistance burns away.
The polar bear bites you. The polar bear closely misses you.
The polar bear claws you.
Casting: Scorch (safe; 0% risk of failure)
Confirm with . or Enter, or press ? or * to list all spells.
You feel a surge of power!
Flames lash the cane toad.
The cane toad is lightly wounded.
The polar bear bites you!! The polar bear misses you. x2
The cane toad stings you!!
* * * LOW HITPOINT WARNING * * *
The polar bear closely misses you. The polar bear completely misses you.
The polar bear closely misses you.
Casting: Scorch (safe; 0% risk of failure)
Confirm with . or Enter, or press ? or * to list all spells.
Casting: Cause Fear (safe; 1% risk of failure)
Press: ? - help, Dir - look around, f - activate The cane toad looks frightened!
The polar bear is unaffected.
* * * LOW HITPOINT WARNING * * *
The polar bear bites you!
You die...

, , , ............... ,
, ............... ,
#.......#..##.# ,
........#*## * , ,
#.......# * ,,
#.......# ,, #.......#
#.......# ### ... ,
#.....h@####.### #....
, ,
#.....F.#.#..#.##.....
, ,
......................
,,,,
,......................
,, ,
......................
,
......................
,..^............†......
,
..............<.......,
......................


You could see a polar bear (berserk, combustible) and a cane toad (fleeing,
combustible).

Vanquished Creatures
  A hydra (Lair:2)
  Joseph (D:9)
  3 komodo dragons
  A troll (D:9)
  A hornet (D:7)
  Grinder (D:6)
  A shadow (D:9)
  2 wyverns (D:8)
  A wraith (D:9)
  8 yaks
  Grum (D:8)
  Edmund (D:4)
  3 acid dragons
  5 water moccasins
  3 orc warriors
  A sky beast (D:7)
  A black bear (D:8)
  An ogre (D:5)
  7 wolves
  2 centaurs
  2 kobold brigands
  7 scorpions
  A bullfrog (D:9)
  A water moccasin zombie (D:6)
  7 wights (D:8)
  3 killer bees (D:9)
  5 electric eels (D:9)
  A howler monkey (D:6)
  11 orc priests
  A jelly (D:5)
  A centaur zombie (D:6)
  7 hounds
  Jessica (D:2)
  Terence (D:3)
  9 orc wizards
  4 gnolls (D:4)
  10 adders
  A white imp (D:6)
  3 ufetubi
  6 worms
  3 dart slugs
  34 orcs
  10 bats
  7 endoplasms
  5 giant cockroaches
  5 goblins
  7 hobgoblins
  3 jackals (D:2)
  3 quokkas
  6 ball pythons
  A frilled lizard (D:1)
  14 kobolds
  3 rats
228 creatures vanquished.

Vanquished Creatures (others)
  804 foxfires
  16 fungi (D:6)
  4 plants (D:10)
824 creatures vanquished.

Grand Total: 1052 creatures vanquished

Notes
Turn   | Place    | Note
-------+----------+-------------------------------------------
     0 | D:1      | soggyman666 the Djinni Fire Elementalist began the quest
                  | for the Orb.
     0 | D:1      | soggyman666 set off with the following spells memorised:
                  | Foxfire, Scorch, Conjure Flame, Inner Flame, Flame Wave.
     0 | D:1      | Reached XP level 1. HP: 15/15 MP: 0/0
   401 | D:1      | Reached XP level 2. HP: 11/21 MP: 0/0
  1230 | D:1      | Reached skill level 3 in Spellcasting
  1360 | D:1      | Reached XP level 3. HP: 23/25 MP: 0/0
  1360 | D:1      | Learned a level 1 spell: Beastly Appendage
  3085 | D:2      | Found a faded altar of an unknown god.
  3092 | D:2      | Reached XP level 4. HP: 26/31 MP: 0/0
  3497 | D:2      | Noticed Jessica
  3501 | D:2      | Killed Jessica
  3502 | D:2      | Reached skill level 4 in Spellcasting
  3502 | D:2      | Reached XP level 5. HP: 33/35 MP: 0/0
  3502 | D:2      | Learned a level 2 spell: Wereblood
  4213 | D:3      | Noticed Terence
  4220 | D:3      | Killed Terence
  4691 | D:3      | Found an opulent altar of Gozag.
  4692 | D:3      | Found a white marble altar of Elyvilon.
  5335 | D:4      | Reached XP level 6. HP: 25/40 MP: 0/0
  5415 | D:4      | Noticed Edmund
  5422 | D:4      | Killed Edmund
  5423 | D:4      | Reached skill level 5 in Spellcasting
  5569 | D:4      | Found a staircase to the Ecumenical Temple.
  5577 | Temple   | Entered the Ecumenical Temple
  5732 | Temple   | Became a worshipper of Ashenzari the Shackled
  5838 | D:4      | Reached XP level 7. HP: 43/45 MP: 0/0
  5838 | D:4      | Learned a level 3 spell: Frozen Ramparts
  6771 | D:5      | Entered Level 5 of the Dungeon
  6811 | D:5      | Found a blossoming altar of Fedhas.
  6812 | D:5      | Found a hazy altar of Hepliaklqana.
  7328 | D:5      | Reached skill level 6 in Spellcasting
  7470 | D:5      | Noticed a water moccasin
  7474 | D:5      | Killed a water moccasin
  7475 | D:5      | Reached skill level 1 in Evocations
  7475 | D:5      | Reached XP level 8. HP: 31/50 MP: 0/0
  7996 | D:5      | Found a hide-covered altar of Uskayaw.
  7998 | D:5      | Found a glowing golden altar of the Shining One.
  8171 | D:6      | Found Vahip's Armour Shop.
  8314 | D:6      | Bought a +0 chain mail for 45 gold pieces
  8314 | D:6      | Bought a +0 hat for 40 gold pieces
  8398 | D:6      | Reached skill level 7 in Spellcasting
  8821 | D:6      | Found the +7 Singing Sword {vorpal, sonic wave}
  8935 | D:6      | Identified the +0 cloak of Amorality {rPois Regen+ rCorr
                  | Str-4}
  9001 | D:6      | Noticed Grinder
  9005 | D:6      | Paralysed by Grinder for 4 turns
  9011 | D:6      | Killed Grinder
  9012 | D:6      | Reached XP level 9. HP: 52/55 MP: 0/0
  9012 | D:6      | Learned a level 4 spell: Cause Fear
  9235 | D:6      | Found a basalt altar of Yredelemnul.
  9518 | D:7      | Reached * piety under Ashenzari
  9524 | D:7      | Found a shadowy altar of Dithmenos.
  9600 | D:7      | Noticed a hornet
  9606 | D:7      | Killed a hornet
  9607 | D:7      | Reached skill level 8 in Spellcasting
 10004 | D:7      | Found Zeunofy's Serpentskin Sales.
 10011 | D:7      | Reached skill level 9 in Spellcasting
 10464 | D:8      | Reached ** piety under Ashenzari
 10544 | D:8      | Noticed Grum
 10551 | D:8      | Reached XP level 10. HP: 53/61 MP: 0/0
 10555 | D:8      | Killed Grum
 10556 | D:8      | Reached skill level 10 in Spellcasting
 10915 | D:8      | Found an iron altar of Okawaru.
 11617 | D:9      | Reached skill level 11 in Spellcasting
 11666 | D:9      | Found a staircase to the Lair.
 11968 | D:9      | Reached XP level 11. HP: 62/66 MP: 0/0
 11968 | D:9      | Learned a level 5 spell: Silence
 12112 | D:9      | Noticed Joseph
 12123 | D:9      | Killed Joseph
 12329 | Lair:1   | Entered Level 1 of the Lair of Beasts
 12329 | Lair:1   | Noticed an eight-headed hydra
 12506 | D:10     | Entered Level 10 of the Dungeon
 12683 | D:10     | Reached skill level 1 in Fighting
 12701 | D:10     | Noticed a fire giant
 12758 | D:10     | HP: 2/68 [fire giant/bolt of fire (11)]
 12824 | D:9      | Reached *** piety under Ashenzari
 12896 | D:10     | Reached skill level 12 in Spellcasting
 12897 | D:10     | Noticed Gastronok
 13154 | D:10     | Reached skill level 5 in Dodging
 13345 | Lair:2   | Noticed a six-headed hydra
 13358 | Lair:2   | Killed a six-headed hydra
 13367 | Lair:2   | Mangled by a polar bear

Illustrated notes

Levels and vault maps discovered:
D:1:      dpeg_arrival_central, layout_rooms
D:2:      wander_river, layout_loops_ring,
          chequers_ecumenical_altar_simple_redux, uniq_jessica
D:3:      layout_basic, chequers_temple_overflow_statue_of_worship, uniq_terence
D:4:      layout_basic, minmay_temple_entry_mini_moons, uniq_edmund
D:5:      layout_loops_ring, nicolae_overflow_hidden_temple
D:6:      old_forge, layout_basic, lemuel_zombie_altar_yredelemnul,
          serial_shops, nicolae_shop_statue_plus, uniq_grinder
D:7:      layout_loops_corners, mainiacjoe_overflow_paths, minivault_5,
          hangedman_decor_points, guppyfry_shop_venom
D:8:      layout_cave_pods, okawaru_metal_pillars_1_2, minmay_between, uniq_grum
D:9:      layout_loops_corners, erik_lair_island, uniq_joseph
D:10:     nzn_winding_woodlands_cross [nzn_winding_woodlands_5x15_pool,
          nzn_winding_woodlands_5x15_sidewinder,
          nzn_winding_woodlands_5x15_crooked,
          nzn_winding_woodlands_5x15_sawtooth,
          nzn_winding_woodlands_15x15_eel_pit], layout_rooms,
          nicolae_ru_sacrificial_ziggurat, roderic_lattice_a,
          kennysheep_another_room, uniq_gastronok
Temple:   hellmonk_temple_forest_ring
Lair:1:   layout_regular_city, chequers_serial_rivers_large_a,
          beast_lair_carwin_8, grunt_megastairs_5, lemuel_fruit_fields
Lair:2:   layout_big_grid, minmay_snake_entry_six_corridors

Skill      XL: |  1  2  3  4  5  6  7  8  9 10 11 |
---------------+----------------------------------+-----
Spellcasting   | 3 4 5 6 7 9 11 12 | 12.4
Stealth        | 2 3 4 |  4.4
Evocations     | 1 3 |  3.2
Dodging        | 3 5 |  5.2
Fighting       | 1 |  1.4

Action                   |  1- 3 |  4- 6 |  7- 9 | 10-12 || total
-------------------------+-------+-------+-------+-------++-------
 Cast: Foxfire           |    82 |    91 |   116 |   207 ||   496
       Scorch            |    16 |    20 |    67 |    74 ||   177
       Beastly Appendage |     9 |       |       |       ||     9
       Inner Flame       |       |     1 |     1 |     5 ||     7
       Frozen Ramparts   |       |       |     5 |    10 ||    15
       Conjure Flame     |       |       |     4 |     5 ||     9
       Flame Wave        |       |       |     5 |     3 ||     8
       Cause Fear        |       |       |     3 |     9 ||    12
Invok: Curse Item        |       |       |     4 |     2 ||     6
       Shatter the Chain |       |       |     1 |       ||     1
Evoke: Wand              |       |       |       |     2 ||     2
  Use: Scroll            |     2 |     8 |     4 |     6 ||    20
Armor: Robe              |     2 |     2 |    15 |     8 ||    27
Dodge: Dodged            |     4 |     7 |    21 |    41 ||    73
